 Dungeon Crawl Stone Soup version 0.24.0-125-gc4c63601f3 (webtiles) character file.

Game seed: 4702050599418309833, levelgen mode: deterministic

53 Johnny the Digger (level 3, -2/26 HPs)
             Began as a Demigod Earth Elementalist on Mar 9, 2020.
             Killed by divine providence
             ... invoked by an orc priest
              (10 damage)
             ... on level 3 of the Dungeon.
             The game lasted 00:01:42 (1098 turns).

Johnny the Digger (Demigod Earth Elementalist)      Turns: 1098, Time: 00:01:42

Health: -2/26      AC:  2    Str: 11    XL:     3   Next: 41%
Magic:  4/9        EV: 12    Int: 21    God:
Gold:   65         SH:  0    Dex: 16    Spells: 6/7 levels left

rFire    . . .     SeeInvis .   e - -1 short sword (curse)
rCold    . . .     Gourm    .   (no shield)
rNeg     . . .     Faith    .   c - +0 robe
rPois    .         Spirit   .   (no helmet)
rElec    .         Reflect  .   (no cloak)
rCorr    .         Harm     .   (no gloves)
MR       .....                  (no boots)
Stlth    ++........             (no amulet)
HPRegen  0.08/turn              (no ring)
MPRegen  0.11/turn              (no ring)

@: no status effects
A: high mp 1
a: no special abilities


You were on level 3 of the Dungeon.
You were hungry.

You visited 1 branch of the dungeon, and saw 3 of its levels.

You collected 65 gold pieces.

Inventory:

Hand Weapons
 e - a cursed -1 short sword (weapon)
Missiles
 b - 87 stones (quivered)
Armour
 c - a +0 robe (worn)
Jewellery
 m - a cursed ring of protection from fire {unknown}
Scrolls
 a - a scroll of identify {unknown}
 f - a scroll of enchant weapon {unknown}
 g - a scroll of remove curse {unknown}
 h - a scroll of magic mapping {unknown}
 l - 2 scrolls of enchant armour {unknown}
Potions
 i - a potion of heal wounds {unknown}
 j - 2 potions of brilliance {unknown}
 k - a potion of haste {unknown}
Comestibles
 d - 6 rations


   Skills:
 - Level 1.7 Dodging
 - Level 1.7 Stealth
 + Level 2.7 Spellcasting
   Level 0.8 Transmutations
 + Level 3.5 Earth Magic


You had 6 spell levels left.
You knew the following spells:

 Your Spells              Type           Power        Failure   Level  Hunger
a - Sandblast             Erth           ###...       3%          1    None

Your spell library contained the following spells:

 Spells                   Type           Power        Failure   Level  Hunger
 Passwall                 Tmut/Erth      ##......     9%          2    ##.....
 Stone Arrow              Conj/Erth      ##....       21%         3    ###....
 Petrify                  Tmut/Erth      ##......     50%         4    ####...
 Lee's Rapid Deconstruct  Erth           ###.......   65%         5    ######.


Dungeon Overview and Level Annotations

Branches:
Dungeon (3/15)

Annotations:
D:2 Terence


Innate Abilities, Weirdness & Mutations

You have an increased reservoir of magic. (+10% MP)


Message History

Press: ? - help, Shift-Dir - straight line, f/p - orc
Aim: an orc, wearing a +0 ring mail The blast of sand hits the orc but does no damage.
b - 88 stones The goblin shouts!
The orc hits you but does no damage.
Unknown command.
A bat comes into view.
Casting: Sandblast (safe; 3% risk of failure)
Confirm with . or Enter, or press ? or * to list all spells.
Aiming: Sandblast (safe; 3% risk of failure)
Press: ? - help, Shift-Dir - straight line, f - bat
Aim: a bat (resting)
The blast of sand hits the bat!
You kill the bat!
b - 87 stones
Found an amethyst potion.
The orc priest calls down the wrath of Beogh upon you.
Beogh smites you!
You die...

#...g.oo..#.#o#
#o#########.#.#
#o# #.#o# #.#
#.#.# #g# #.#
#.# #o# #.# #@#
#.!.......
##########


You could see an orc priest, 2 orcs and a goblin.

Vanquished Creatures
  2 adders
  A dart slug (D:2)
  An orc (D:3)
  4 bats
  3 giant cockroaches
  A goblin (D:1)
  6 hobgoblins
  4 frilled lizards
  4 kobolds
  7 rats
33 creatures vanquished.

Notes
Turn   | Place    | Note
-------+----------+-------------------------------------------
     0 | D:1      | Johnny the Demigod Earth Elementalist began the quest for
                  | the Orb.
     0 | D:1      | Reached XP level 1. HP: 14/14 MP: 5/5
   253 | D:1      | Reached skill level 3 in Earth Magic
   287 | D:1      | Reached XP level 2. HP: 16/20 MP: 2/7
   772 | D:2      | Reached XP level 3. HP: 15/26 MP: 7/9
   918 | D:2      | Noticed Terence
  1098 | D:3      | Killed from afar by an orc priest

Levels and vault maps discovered:
D:1:      dpeg_arrival_leaves_temple_mockup, layout_basic
D:2:      layout_loops_ring, first_ration, guppyfry_early_orc_mine, uniq_terence
D:3:      layout_basic, trog_butcher_becter, uniq_grinder

Skill      XL: |  1 |
---------------+----+-----
Spellcasting   | 2 |  2.7
Earth Magic    | 3 |  3.5
Dodging        | |  1.7
Stealth        | |  1.7
Transmutations | |  0.8

Action                   || total
-------------------------++-------
Melee: Short sword       ||    56
       Unarmed           ||    12
 Cast: Sandblast         ||    35
 Stab: Sleeping          ||     5
Armor: Robe              ||    23
Dodge: Dodged            ||    61
